 Dungeon Crawl Stone Soup version 0.25.1-8-g42b30a86e7 (webtiles) character file.

Game seed: 14381981615662382099

807 Clowwww the Chopper (level 7, -10/91 HPs)
             Began as a Hill Orc Fighter on Dec 14, 2020.
             Was an Initiate of Trog.
             Mangled by an orc warrior
             ... wielding a +0 halberd
              (11 damage)
             ... on level 6 of the Dungeon on Dec 15, 2020.
             The game lasted 00:12:10 (4632 turns).

Clowwww the Chopper (Hill Orc Fighter)              Turns: 4632, Time: 00:12:12

Health: -10/91     AC: 23    Str: 21    XL:     7   Next: 92%
Magic:  7/7        EV:  2    Int:  8    God:    Trog [......]
Gold:   470        SH: 10    Dex: 10    Spells: 6/6 levels left

rFire    . . .     SeeInvis .   a - +0 war axe
rCold    . . .     Gourm    .   c - +0 kite shield
rNeg     + + +     Faith    .   (armour currently unavailable)
rPois    +         Spirit   .   (helmet currently unavailable)
rElec    .         Reflect  .   (cloak currently unavailable)
rCorr    +         Harm     .   (gloves currently unavailable)
MR       .....     NoTele   +   (boots currently unavailable)
Stlth    ++........             e - amulet of the acrobat
HPRegen  0.25/turn              y - ring of resist corrosion
MPRegen  0.10/turn              (no ring)

@: tree-form
A: no striking features
a: Renounce Religion


You were on level 6 of the Dungeon.
You worshipped Trog.
Trog was noncommittal.
You were hungry.
You were a tree.
You visited 1 branch of the dungeon, and saw 6 of its levels.

You collected 470 gold pieces.

Inventory:

Hand Weapons
 a - a +0 war axe (weapon)
Armour
 b - a +0 scale mail (melded)
 c - a +0 kite shield (worn)
 i - a +2 pair of boots (melded)
 t - a +0 helmet (melded)
 u - a +1 pair of gloves (melded)
Jewellery
 e - an amulet of the acrobat (around neck)
 y - a ring of resist corrosion (left branch)
Scrolls
 d - a scroll of fog
 m - a scroll of immolation
 q - a scroll of remove curse
 s - 2 scrolls of teleportation
 v - a scroll of torment {unknown}
 w - a scroll of amnesia
 z - a scroll of random uselessness {unknown}
Potions
 j - a potion of ambrosia {unknown}
 k - a potion of curing {unknown}
 l - 2 potions of stabbing {unknown}
 n - a potion of haste {unknown}
 o - a potion of berserk rage {unknown}
 p - 3 potions of brilliance
 r - a potion of resistance {unknown}
Comestibles
 f - 7 rations


   Skills:
 + Level 5.2 Fighting
 + Level 7.7 Axes
 + Level 4.7 Armour
 + Level 1.2 Dodging
 + Level 1.4 Stealth
 + Level 5.3 Shields


You had 6 spell levels left.
You didn't know any spells.
Your spell library contained the following spells:

 Spells                   Type           Power        Failure   Level  Hunger
 Summon Lightning Spire   Summ/Air       #.......     100%        4    #####..
 Silence                  Hex/Air        #.........   100%        5    ######.
 Conjure Ball Lightning   Conj/Air       #.........   100%        6    #######
 Tornado                  Air            #.........   100%        9    #######


Dungeon Overview and Level Annotations

Branches:
Dungeon (6/15)             Temple (0/1) D:6

Altars:
Ashenzari
Okawaru
Qazlal
Trog
Vehumet
Xom

Shops:
D:4 }   D:6 ?(


Message History

The crimson imp shouts, "Give up, thou froward milk-livered bladder!"
Okay, then.
You hit the orc warrior but do no damage.
The orc warrior completely misses you.
You slash the orc warrior!
The orc warrior is moderately wounded.
You are feeling hungry.
The orc warrior hits you with a +0 halberd!
* * * LOW HITPOINT WARNING * * *
It was a potion of lignification.
You turn into a tree.
Your +0 helmet melds into your body.
Your +1 pair of gloves melds into your body.
Your +2 pair of boots melds into your body.
Your +0 scale mail melds into your body.
Your roots penetrate the ground.
The orc warrior hits you with a +0 halberd.
* * * LOW HITPOINT WARNING * * *
It was a potion of flight.
Your roots keep you in place.
The orc warrior hits you with a +0 halberd!
You die...

........... ###...#
.......... ....... ....
................. #...
#)).............. #...##
#.).# .. #... #....# #†..#
#.## ###. ##....###..##
#..# #.. ##.....##.o.# #.##
#.. ##......5.♣.##
###..###.< #...........#
###.....#...
...........#####...........
####..............#####....
##....#......### ##...
##..###...### .... ....#
##.## ..... ....## #..#
#..### ....# ##..# ..#


You could see an orc warrior and a crimson imp.

Vanquished Creatures
  A phantom (D:5)
  An ogre (D:4)
  A centaur (D:5)
  A howler monkey (D:4)
  4 crimson imps (D:4)
  A bullfrog zombie (D:6)
  A hound (D:5)
  3 orc priests
  An orc wizard (D:4)
  A worker ant (D:5)
  A worker ant zombie (D:4)
  3 gnolls (D:5)
  3 adders
  An adder skeleton (D:4)
  3 worms
  4 dart slugs
  2 leopard geckos
  4 orcs
  A ball python (D:1)
  5 bats
  6 giant cockroaches
  13 goblins
  10 hobgoblins
  3 jackals (D:3)
  5 kobolds
  3 quokkas (D:2)
  5 frilled lizards
  8 rats
95 creatures vanquished.

Notes
Turn   | Place    | Note
-------+----------+-------------------------------------------
     0 | D:1      | Clowwww the Hill Orc Fighter began the quest for the Orb.
     0 | D:1      | Reached XP level 1. HP: 19/19 MP: 1/1
   236 | D:1      | Reached XP level 2. HP: 27/27 MP: 2/2
   410 | D:1      | Reached XP level 3. HP: 32/33 MP: 3/3
   472 | D:1      | Reached skill level 3 in Axes
  1141 | D:2      | Found a shattered altar of Ashenzari.
  1156 | D:2      | Reached XP level 4. HP: 32/40 MP: 4/4
  1301 | D:2      | Found a stormy altar of Qazlal.
  1301 | D:2      | Found an iron altar of Okawaru.
  1766 | D:3      | Reached skill level 4 in Axes
  2896 | D:4      | Reached XP level 5. HP: 5/46 MP: 5/5
  2898 | D:4      | Reached skill level 5 in Axes
  3349 | D:4      | Found a shimmering altar of Xom.
  3354 | D:4      | Reached XP level 6. HP: 52/53 MP: 6/6
  3381 | D:4      | Reached skill level 6 in Axes
  3424 | D:4      | Reached skill level 1 in Dodging
  3583 | D:4      | Reached skill level 1 in Stealth
  3583 | D:4      | Reached skill level 5 in Shields
  3583 | D:4      | Reached XP level 7. HP: 60/60 MP: 7/7
  3600 | D:4      | Found Vih Wus's Gadget Shoppe.
  3779 | D:5      | Entered Level 5 of the Dungeon
  3908 | D:5      | Reached skill level 7 in Axes
  4254 | D:5      | Found a radiant altar of Vehumet.
  4322 | D:5      | Found a bloodstained altar of Trog.
  4327 | D:5      | Became a worshipper of Trog the Wrathful
  4506 | D:6      | Found Oppu's Antique Weapon Boutique.
  4514 | D:6      | Found a staircase to the Ecumenical Temple.
  4544 | D:6      | Reached skill level 5 in Fighting
  4606 | D:6      | Found Fiqitozu's Magic Scroll Shoppe.
  4630 | D:6      | HP: 1/61 [orc warrior/+0 halberd (10)]
  4632 | D:6      | Mangled by an orc warrior

Illustrated notes

Levels and vault maps discovered:
D:1:      dpeg_arrival_lava_temple_mockup, layout_basic, grunt_decor_resistance
D:2:      layout_loops_ring, gammafunk_temple_overflow_elements,
          evilmike_ruin_ashenzari
D:3:      layout_loops_corners, first_ration
D:4:      layout_basic, serial_shops, shop_coins, led_xom_imps
D:5:      layout_cave_pools, kennysheep_mini_moat, lightli_temple_of_fire,
          mrwooster_statue_mirror
D:6:      layout_layer_cave, nicolae_overflow_hidden_temple,
          minmay_temple_entry_stoned_glass, serial_shops, shop, shop,
          kennysheep_mini, shop

Skill      XL: |  1  2  3  4  5  6  7 |
---------------+----------------------+-----
Axes           | 3 4 5 6 7 |  7.7
Fighting       | 4 5 |  5.2
Shields        | 4 5 |  5.3
Armour         | 4 |  4.7
Dodging        | 1 |  1.2
Stealth        | 1 |  1.4

Action                   |  1- 3 |  4- 6 |  7- 9 || total
-------------------------+-------+-------+-------++-------
Melee: War axe           |   135 |   160 |    83 ||   378
  Use: Potion            |       |     1 |     2 ||     3
       Scroll            |       |       |     8 ||     8
 Stab: Invisible         |       |     6 |       ||     6
  Eat: Chunk             |     1 |     8 |     3 ||    12
Armor: Scale mail        |    58 |    71 |    28 ||   157
Dodge: Dodged            |    32 |    64 |    36 ||   132
Block: Kite shield       |    60 |    78 |    51 ||   189
